 Dungeon Crawl Stone Soup version 0.17.1-1-g73c8601 (webtiles) character file.

20111 Mysteryquy the Bludgeoner (level 12, -4/75 HPs)
             Began as a Gargoyle Fighter on Jan 5, 2016.
             Was a High Priest of Ru.
             Engulfed by a cloud of freezing vapour (21 damage)
             ... in an ice cave.
             The game lasted 00:33:10 (13977 turns).

Mysteryquy the Bludgeoner (Gargoyle Fighter)       Turns: 13977, Time: 00:33:10

Health: -4/75      AC: 27    Str: 26    XL:     12   Next: 76%
Magic:  12/12      EV:  7    Int: 10    God:    Ru [*****.]
Gold:   958        SH:  4    Dex: 11    Spells: 0 memorised, 11 levels left

rFire  . . .     SeeInvis .     w - +3 morningstar (freeze)
rCold  x . .     Clarity  .     o - +1 plate armour
rNeg   + . .     SustAt   .     N - +0 buckler
rPois  ∞         Gourm    .     R - +0 helmet
rElec  +         Spirit   .     n - +0 cloak
rCorr  .         Warding  .     (no gloves)
rMut   .         Stasis   +     (no boots)
MR     .....                    V - amulet of stasis
Stlth  ..........               S - +2 ring of strength
                                P - ring of stealth

@: not resistant to hostile enchantments, extremely unstealthy
A: icy blue scales 1, thin skeletal structure 1, blurry vision 1, fire
resistance 1, negative energy resistance 1, screaming 1, electricity resistance,
spit poison 1, unbreathing, petrification resistance, rot immunity, no stealth,
disrupted magic 1, inexperienced 1, temperature sensitive, AC +8
a: Spit Poison, Draw Out Power, Power Leap, Apocalypse, Renounce Religion


You were in an ice cave.
You worshipped Ru.
Ru was extremely pleased with you.
You were not hungry.

You visited 3 branches of the dungeon, and saw 16 of its levels.
You also visited: Ice Cave.

You collected 958 gold pieces.

Inventory:

Hand Weapons
 a - a +0 flail
 d - a +1 flail of holy wrath
 w - a +3 morningstar of freezing (weapon)
 G - a +2 whip of freezing
Missiles
 E - 4 silver tomahawks (quivered)
Armour
 c - a +0 shield
 n - a +0 cloak (worn)
 o - a +1 plate armour (worn)
 N - a +0 buckler (worn)
 R - a +0 helmet (worn)
Jewellery
 P - a ring of stealth (left hand)
 S - a +2 ring of strength (right hand)
 V - an amulet of stasis (around neck)
 X - an uncursed ring of stealth
Wands
 M - a wand of draining (5)
 O - a wand of draining (8)
 W - a wand of digging (5)
 Z - a wand of confusion (22)
Scrolls
 b - a scroll of noise
 g - 5 scrolls of recharging
 i - a scroll of fear
 m - 7 scrolls of identify
 p - 2 scrolls of enchant weapon
 q - a scroll of teleportation
 y - a scroll of magic mapping
 A - 4 scrolls of remove curse
 F - 2 scrolls of random uselessness
 K - 2 scrolls of immolation
Potions
 k - 2 potions of mutation {unknown}
 s - a potion of ambrosia
 t - 7 potions of curing
 u - a potion of agility {unknown}
 v - a potion of cure mutation {unknown}
 x - 4 potions of invisibility {unknown}
 z - 3 potions of berserk rage {unknown}
 C - a potion of beneficial mutation {unknown}
 D - 4 potions of haste {unknown}
 H - a potion of cancellation {unknown}
 I - a potion of brilliance {unknown}
 Q - 2 potions of heal wounds
 U - 2 potions of poison {unknown}
Books
 h - a book of the Warp

   Spells                             Type                      Level
   a - Recall                         Summoning/Translocation      3
   b - Gell's Gravitas                Hexes/Translocation          3
   c - Force Lance                    Conjuration/Translocation    4
   d - Phase Shift                    Translocation                5
   e - Warp Weapon                    Charms/Translocation         5
   f - Summon Forest                  Summoning/Translocation      5
Comestibles
 e - 6 bread rations
 f - 7 meat rations
 j - 7 slices of pizza
 l - 14 fruits
 r - 4 beef jerkies


   Skills:
 + Level 8.8 Fighting
 - Level 17.0 Maces & Flails
 + Level 9.0 Armour
 - Level 4.1 Shields


You had 11 spell levels left.
You didn't know any spells.

Dungeon Overview and Level Annotations

Branches:
Dungeon (10/15)            Temple (1/1) D:5            Lair (5/8) D:10
  Swamp (0/4) Lair:3       Spider (0/4) Lair:3
    Orc: D:9-12

Altars:
Ashenzari
Fedhas
Gozag
Kikubaaqudgha
Makhleb
Nemelex Xobeh
Okawaru
Qazlal
Ru
Sif Muna
Vehumet
Xom
Yredelemnul
Zin
The Shining One

Shops:
D:6 :

Annotations:
Lair:1 Fannar IceCv exclusion: ice statue


Innate Abilities, Weirdness & Mutations

You are resistant to torment.
Your stone body is resilient (AC +8).
You are immune to poison.
You resist negative energy.
You occasionally shout uncontrollably at your foes.
You are resistant to electric shocks.
You can survive without breathing.
You are immune to petrification.
You are immune to rotting.
You cannot be stealthy.
Your casting is slightly disrupted.
You are somewhat inexperienced (-2 XL).
You are sensitive to extremes of temperature (rF-, rC-).
You are partially covered in icy blue scales (AC +1).
You have a somewhat thin skeletal structure (Dex +2, Stealth).
Scrolls take you a little longer to read.
Your flesh is heat resistant.
You can spit weak poison.


Message History

You sock the ice beast!
The ice beast is heavily wounded.
The ice beast barely misses you.
You hit the ice beast.
The ice beast is heavily wounded.
You block the ice beast's attack.
You bludgeon the ice beast!!
You kill the ice beast!
No target in view!
You start resting.
All of the chunks of flesh in your inventory have rotted away.
HP restored.
You are engulfed in freezing vapours.
You are engulfed in freezing vapours.
You are engulfed in freezing vapours.
* * * LOW HITPOINT WARNING * * *
You are engulfed in freezing vapours.
* * * LOW HITPOINT WARNING * * *
You are engulfed in freezing vapours.
You die...

#.# ##.# ##.###..#
#....#..# ##......##
##..###...#
##..#####.##
#...###§###
##..###§.§##
#..###.§§@§## ###
#..#...#§#§§###.####
#.....#.###§§§.....###
##...###..###§§...∩..##
#######.#.###§#....∩.#
#.#.## #######..#
##.#.# #### #####


There were no monsters in sight!

Vanquished Creatures
  Harold (Lair:1)
  A hydra (Lair:3)
  Pikel (D:7)
  2 griffons
  A torpor snail (Lair:4)
  2 black mambas
  3 spiny frogs
  2 komodo dragons (Lair:3)
  2 fire drakes
  A troll (D:9)
  A two-headed ogre (D:8)
  3 polar bears (IceCv)
  A jumping spider (Lair:3)
  9 blink frogs (Lair:4)
  17 yaks
  A hog (D:7)
  A wyvern (D:6)
  A human (D:7)
  Grum (D:8)
  7 hippogriffs
  16 wolves
  Edmund (D:4)
  The ghost of Mysteryquy the Cudgeler, an amateur GrFi (D:3)
  4 porcupines
  An ice beast (D:7)
  9 water moccasins
  3 orc warriors
  8 iguanas
  4 ogres
  3 black bears
  3 phantoms
  4 centaurs
  A sky beast (D:8)
  3 crocodiles
  2 big kobolds (D:8)
  Blork the orc (D:4)
  5 giant frogs
  2 scorpions
  10 killer bees
  An electric eel (Lair:3)
  A quasit (D:9)
  A giant frog zombie (D:5)
  5 crimson imps
  2 jellies
  7 orc priests
  A centaur skeleton (D:6)
  2 hounds
  3 orc wizards (D:6)
  5 worker ants
  8 sheep
  A worker ant zombie (D:9)
  3 gnolls (D:4)
  A shadow imp (D:5)
  6 adders
  24 river rats
  12 white imps (Lair:5)
  An ooze (D:4)
  2 adder skeletons
  An adder zombie (D:6)
  2 worms
  4 giant geckos
  12 orcs
  4 giant cockroaches
  5 goblins
  13 hobgoblins
  18 jackals
  16 kobolds
  2 quokkas (D:4)
  A ball python (D:6)
  7 bats
  5 giant newts
  A goblin zombie (D:5)
  A jackal zombie (D:7)
  A quokka skeleton (D:5)
  13 rats
  2 bushes (D:1)
  6 plants
339 creatures vanquished.

Vanquished Creatures (others)
  A hydra (Lair:3)
  A gargoyle (D:9)
  A spiny frog (Lair:2)
  4 slaves (D:7)
  2 wolves (IceCv)
  A water moccasin (D:7)
  An iguana (D:7)
  A hound zombie (D:7)
  A river rat (Lair:5)
  An orc (D:7)
  A bush (D:1)
  3 fungi
18 creatures vanquished.

Grand Total: 357 creatures vanquished

Notes
Turn   | Place    | Note
--------------------------------------------------------------
     0 | D:1      | Mysteryquy the Gargoyle Fighter began the quest for the Orb.
     0 | D:1      | Reached XP level 1. HP: 14/14 MP: 1/1
    86 | D:1      | Reached XP level 2. HP: 14/19 MP: 2/2
   377 | D:1      | Reached XP level 3. HP: 23/23 MP: 3/3
  1250 | D:2      | Found a stormy altar of Qazlal.
  1260 | D:2      | Reached skill level 4 in Maces & Flails
  1275 | D:2      | Reached XP level 4. HP: 28/28 MP: 4/4
  1294 | D:2      | Found a blossoming altar of Fedhas.
  1993 | D:3      | Noticed Mysteryquy's ghost (amateur GrFi)
  2008 | D:3      | Killed Mysteryquy's ghost
  2008 | D:3      | Reached skill level 5 in Maces & Flails
  2008 | D:3      | Reached XP level 5. HP: 17/32 MP: 5/5
  2609 | D:4      | Reached skill level 6 in Maces & Flails
  2610 | D:4      | Noticed an ogre
  2628 | D:4      | Reached XP level 6. HP: 21/37 MP: 6/6
  2653 | D:3      | Killed an ogre
  3015 | D:4      | Noticed Blork the orc
  3028 | D:4      | Killed Blork the orc
  3028 | D:4      | Reached skill level 7 in Maces & Flails
  3221 | D:4      | Noticed Edmund
  3247 | D:4      | Killed Edmund
  3247 | D:4      | Reached XP level 7. HP: 39/41 MP: 7/7
  3254 | D:4      | Noticed a phantom
  3278 | D:4      | Killed a phantom
  3278 | D:4      | Reached skill level 8 in Maces & Flails
  3412 | D:4      | Found a glowing silver altar of Zin.
  3413 | D:4      | Found a shimmering altar of Xom.
  3413 | D:4      | Noticed an angel
  3517 | D:5      | Entered Level 5 of the Dungeon
  3778 | D:5      | Found a staircase to the Ecumenical Temple.
  3794 | Temple   | Entered the Ecumenical Temple
  3802 | Temple   | Became a worshipper of Ru the Awakened
  3849 | D:5      | Noticed a human
  3850 | D:5      | Found a runed door.
  3854 | D:5      | Found a basalt altar of Yredelemnul.
  3942 | D:5      | Reached skill level 9 in Maces & Flails
  3942 | D:5      | Reached XP level 8. HP: 46/46 MP: 8/8
  4270 | D:6      | Found Cenovurr's Book Boutique.
  4463 | D:6      | Reached skill level 10 in Maces & Flails
  4582 | D:6      | Gained mutation: You are somewhat inexperienced (-2 XL). [Ru sacrifice]
  4582 | D:6      | Reached XP level 7. HP: 41/41 MP: 7/7
  4582 | D:6      | Reached XP level 6. HP: 37/37 MP: 6/6
  4582 | D:6      | Reached * piety under Ru
  4588 | D:6      | Reached XP level 7. HP: 33/41 MP: 7/7
  5426 | D:6      | Reached skill level 11 in Maces & Flails
  5525 | D:7      | Reached XP level 8. HP: 37/46 MP: 8/8
  5662 | D:7      | Noticed Pikel
  5676 | D:7      | Killed Pikel
  5676 | D:7      | Reached skill level 12 in Maces & Flails
  5748 | D:7      | Reached XP level 9. HP: 24/51 MP: 9/9
  5994 | D:7      | Reached skill level 13 in Maces & Flails
  6172 | D:7      | Noticed a yak
  6172 | D:7      | Noticed a human
  6173 | D:7      | Noticed a hog
  6183 | D:7      | Killed a hog
  6186 | D:7      | Killed a human
  6195 | D:7      | Killed a yak
  6334 | D:7      | Found a deep blue altar of Sif Muna.
  6586 | D:7      | Reached skill level 14 in Maces & Flails
  6712 | D:8      | Reached XP level 10. HP: 54/56 MP: 10/10
  6766 | D:8      | Noticed Grum
  6799 | D:8      | Killed Grum
  7056 | D:8      | Gained mutation: You are sensitive to extremes of temperature (rF-, rC-). [Ru sacrifice]
  7056 | D:8      | Reached ** piety under Ru
  7056 | D:8      | Reached *** piety under Ru
  7056 | D:8      | Reached **** piety under Ru
  7291 | D:8      | Gained mutation: You can spit weak poison. [mutagenic meat]
  7292 | D:8      | Gained mutation: You are partially covered in icy blue scales (AC +1). [mutagenic meat]
  7293 | D:8      | Gained mutation: Your flesh is heat resistant. [mutagenic meat]
  7294 | D:8      | Gained mutation: Scrolls take you a little longer to read. [mutagenic meat]
  7295 | D:8      | Gained mutation: You have a somewhat thin skeletal structure (Dex +2, Stealth). [mutagenic meat]
  7616 | D:8      | Reached skill level 15 in Maces & Flails
  7843 | D:9      | Found a stormy altar of Qazlal.
  8482 | D:10     | Entered Level 10 of the Dungeon
  8546 | D:10     | Found a staircase to the Lair.
  8567 | D:10     | Noticed a hill giant
  8574 | Lair:1   | Entered Level 1 of the Lair of Beasts
  8605 | Lair:1   | Gained mutation: You occasionally shout uncontrollably at your foes. [Ru sacrifice]
  8605 | Lair:1   | Reached ***** piety under Ru
  8703 | Lair:1   | Found an ancient bone altar of Kikubaaqudgha.
  8739 | Lair:1   | Noticed Harold
  8768 | Lair:1   | Noticed Fannar
  8787 | Lair:2   | Reached XP level 11. HP: 35/60 MP: 9/11
  8808 | Lair:2   | Reached skill level 16 in Maces & Flails
  9084 | Lair:2   | Noticed a black mamba
  9085 | Lair:2   | Found an iron altar of Okawaru.
  9089 | Lair:2   | Killed a black mamba
  9270 | Lair:1   | Killed Harold
  9921 | Lair:2   | Gained mutation: You cannot be stealthy. [Ru sacrifice]
 10380 | Lair:3   | Noticed a five-headed hydra
 10387 | Lair:3   | Killed a five-headed hydra
 10465 | Lair:3   | Found a hole to the Spider Nest.
 10480 | Lair:3   | Reached skill level 17 in Maces & Flails
 10943 | Lair:3   | Reached skill level 5 in Fighting
 10950 | Lair:3   | Reached skill level 5 in Armour
 11257 | Lair:3   | Noticed a seven-headed hydra
 11273 | Lair:3   | Killed a seven-headed hydra
 11273 | Lair:3   | Reached XP level 12. HP: 28/69 MP: 12/12
 11473 | Lair:3   | Found a staircase to the Swamp.
 12235 | Lair:4   | Gained mutation: Your casting is slightly disrupted. [Ru sacrifice]
 13060 | Lair:5   | Found a frozen archway.
 13213 | IceCv    | Entered an ice cave
 13977 | IceCv    | Engulfed by a cloud of freezing vapour

Action                   |  1- 3 |  4- 6 |  7- 9 | 10-12 || total
-------------------------+-------+-------+-------+-------++-------
Melee: Flail             |   409 |   158 |       |       ||   567
       Morningstar       |       |    25 |   326 |   724 ||  1075
Invok: Sacrifice Experie |       |     1 |       |       ||     1
       Power Leap        |       |       |       |     1 ||     1
       Sacrifice Purity  |       |       |       |     1 ||     1
       Sacrifice Resista |       |       |       |     1 ||     1
       Sacrifice Stealth |       |       |       |     1 ||     1
       Apocalypse        |       |       |       |     1 ||     1
       Sacrifice Essence |       |       |       |     1 ||     1
Evoke: Wand              |       |       |       |     1 ||     1
  Use: Potion            |       |     1 |     2 |     4 ||     7
       Scroll            |       |       |       |    16 ||    16
 Stab: Paralysed         |       |       |       |     3 ||     3
       Invisible         |       |       |       |     2 ||     2
  Eat: Chunk             |     2 |     7 |    11 |    22 ||    42
       Pizza             |       |       |       |     1 ||     1
       Meat ration       |       |       |       |     1 ||     1
